 Dungeon Crawl Stone Soup version 0.31-a0-177-g4aa6249778 (webtiles) character file.

Game seed: 16042439255304404594

458 qw the Shooter (level 7, -3/64 HPs)
             Began as a Naga Hunter on June 18, 2023.
             Slain by Pikel
             ... wielding a +2 whip of freezing
              (8 damage)
             ... on level 4 of the Dungeon.
             The game lasted 00:01:08 (2836 turns).

qw the Shooter (Naga Hunter)                        Turns: 2836, Time: 00:01:09

Health: -3/64      AC:  3    Str: 13    XL:     7   Next: 6%
Magic:  7/7        EV: 15    Int:  9    God:
Gold:   108        SH:  0    Dex: 17    Spells: 6/6 levels left

rFire   . . .        Y - +1 shortbow (flame)
rCold   . . .        (shield currently unavailable)
rNeg    . . .        c - +0 leather armour
rPois   +            (no helmet)
rElec   .            (no cloak)
rCorr   .            (no gloves)
SInv    +            (no barding)
Will    +....        (no amulet)
Stlth   ++           g - +5 ring of evasion
HPRegen 0.30/turn    f - ring of willpower
MPRegen 0.10/turn

%: no passive effects
@: about to teleport, short of breath, very slow
A: AC +2, large, see invisible, deformed body, poison resistance, slowness 2,
spit poison 1, naga tail 1
a: Spit Poison


You were on level 4 of the Dungeon.
You visited 1 branch of the dungeon, and saw 4 of its levels.

You collected 108 gold pieces.


Innate Abilities, Weirdness & Mutations

Your serpentine skin is tough. (AC +2)
You have supernaturally acute eyesight. (SInv)
Armour fits poorly on your strangely shaped body.
Your system is resistant to poisons. (rPois)
You cover ground very slowly.
You can spit poison.
You have a snake-like lower body.


   Skills:
 - Level 4.0 Fighting
 + Level 6.5 Ranged Weapons
 - Level 2.0 Dodging
 - Level 1.5 Stealth


You had 6 spell levels left.
You didn't know any spells.
Your spell library was empty.

Inventory:

Hand Weapons
 Y - a +1 shortbow of flaming (weapon)
Armour
 c - a +0 leather armour (worn)
Jewellery
 f - a ring of willpower (right hand)
 g - a +5 ring of evasion (left hand)
 i - the ring "Ybux" {Wiz Str+2}
   (You found it on level 4 of the Dungeon)

   [ring of wizardry]

   It improves your spell success rate.
   Str:       It affects your strength (+2).
Scrolls
 e - 3 scrolls of teleportation
Potions
 a - a potion of degeneration {unknown}
 b - a potion of enlightenment
 d - a potion of curing {unknown}
 h - a potion of haste

Dungeon Overview and Level Annotations

Branches:
Dungeon (4/15)
 Temple: D:4-7

Altars:
Dithmenos
Wu Jian

Annotations:
D:4 Pikel


Message History

Pikel is lightly wounded.
You have got your breath back.
Pikel barely misses you.
2830 ||| INVOKING Spit Poison.
Aiming: Spit Poison (1% risk of failure)
Press: ? - help, Shift-Dir - straight line, f/p - Pikel The splash of poison hits Pikel.
Pikel is poisoned.
Pikel is moderately wounded.
Pikel closely misses you. x2
You shoot an arrow. The arrow completely misses Pikel.
The arrow hits the lemure.
The arrow burns the lemure.
The lemure is heavily wounded.
Pikel hits you with a +2 whip of freezing.
Pikel freezes you.
You shoot an arrow. The arrow closely misses Pikel.
The arrow hits the lemure!
The arrow burns the lemure.
The lemure is severely wounded.
Pikel barely misses you.
Pikel hits you with a +2 whip of freezing!
Pikel freezes you.
2833 ||| READING 4 scrolls of teleportation.
As you read the scroll of teleportation, it crumbles to dust.
You feel strangely unstable.
Pikel says, "You'll make a fine lemure."
Pikel hits you with a +2 whip of freezing!
Pikel freezes you. Pikel hits you but does no damage.
You shoot an arrow. The arrow hits Pikel.
The arrow burns Pikel.
Pikel is moderately wounded.
You have got your breath back.
Pikel closely misses you.
2835 ||| INVOKING Spit Poison.
Aiming: Spit Poison (1% risk of failure)
Press: ? - help, Shift-Dir - straight line, f/p - Pikel The splash of poison hits Pikel but does no damage.
Pikel is moderately wounded.
Pikel closely misses you. x2
You shoot an arrow. The arrow closely misses Pikel.
The arrow misses the lemure.
The arrow closely misses the lemure.
Pikel hits you with a +2 whip of freezing!
You die...

#.# #####
#.# #.#
#.# ###.#
#...#
##.##
#######
#.#######.
.......
#.@K55....
.......
#########.
#######
#######
.......
#######


You could see Pikel (fast, poisoned) and 2 lemures.

Vanquished Creatures
  A black bear (D:3)
  2 lemures (D:4)
  A phantom (D:4)
  2 orc priests
  3 orc wizards
  Terence (D:2)
  3 adders
  3 gnolls (D:3)
  2 worms
  7 orcs
  5 ball pythons (D:2)
  4 bats
  5 endoplasms
  2 giant cockroaches (D:4)
  2 goblins
  9 hobgoblins
  5 jackals
  6 kobolds
  7 quokkas
  4 frilled lizards
  6 rats
80 creatures vanquished.

Notes
Turn   | Place    | Note
-------+----------+-------------------------------------------
     0 | D:1      | qw the Naga Hunter began the quest for the Orb.
     0 | D:1      | Reached XP level 1. HP: 19/19 MP: 1/1
     0 | D:1      | 0 ||| qw: Version: 0.3-a-7-ge0c9b40
     0 | D:1      | 0 ||| qw: Game counter: 798
     0 | D:1      | 0 ||| qw: Always use a shield: true
     0 | D:1      | 0 ||| qw: God list: Okawaru
     0 | D:1      | 0 ||| qw: Allow faded altars: false
     0 | D:1      | 0 ||| qw: Do Orc after D:15 true
     0 | D:1      | 0 ||| qw: Do second Lair branch before Depths: true
     0 | D:1      | 0 ||| qw: Lair rune preference: random
     0 | D:1      | 0 ||| qw: Plans: Normal
     0 | D:1      | 0 ||| PLANNING D:1-11
    14 | D:1      | 14 ||| INVOKING Spit Poison.
    92 | D:1      | 92 ||| INVOKING Spit Poison.
   112 | D:1      | 112 ||| INVOKING Spit Poison.
   116 | D:1      | 116 ||| INVOKING Spit Poison.
   131 | D:1      | 131 ||| INVOKING Spit Poison.
   133 | D:1      | Reached skill level 4 in Ranged Weapons
   133 | D:1      | Reached XP level 2. HP: 26/26 MP: 2/2
   156 | D:1      | 156 ||| INVOKING Spit Poison.
   187 | D:1      | 187 ||| INVOKING Spit Poison.
   204 | D:1      | 204 ||| INVOKING Spit Poison.
   212 | D:1      | 212 ||| INVOKING Spit Poison.
   263 | D:1      | 263 ||| INVOKING Spit Poison.
   453 | D:1      | 453 ||| UPGRADING to +5 ring of evasion.
   454 | D:1      | 454 ||| READING scroll labelled RAUBLUW BUITOT.
   455 | D:1      | 455 ||| READING scroll labelled HYGRANWEADU.
   456 | D:1      | 456 ||| READING scroll labelled XESUACR XATRIU.
   457 | D:1      | 457 ||| READING scroll labelled ADUIDI SIYSCH.
   462 | D:1      | 462 ||| DROPPING scroll of butterflies.
   480 | D:2      | 480 ||| INVOKING Spit Poison.
   497 | D:2      | 497 ||| INVOKING Spit Poison.
   513 | D:2      | 513 ||| INVOKING Spit Poison.
   552 | D:2      | 552 ||| INVOKING Spit Poison.
   558 | D:2      | 558 ||| INVOKING Spit Poison.
   559 | D:2      | Reached XP level 3. HP: 32/32 MP: 3/3
   621 | D:2      | You fall into a shaft and drop 2 floors!
   632 | D:4      | 632 ||| INVOKING Spit Poison.
   691 | D:4      | 691 ||| INVOKING Spit Poison.
   692 | D:4      | 692 ||| Stepping ~*~*~tactically~*~*~ (outnumbered).
   696 | D:4      | 696 ||| INVOKING Spit Poison.
   700 | D:4      | Reached skill level 5 in Ranged Weapons
   700 | D:4      | Reached XP level 4. HP: 26/39 MP: 4/4
   701 | D:4      | 701 ||| INVOKING Spit Poison.
   706 | D:4      | 706 ||| INVOKING Spit Poison.
   710 | D:4      | 710 ||| INVOKING Spit Poison.
   713 | D:4      | 713 ||| INVOKING Spit Poison.
   716 | D:4      | Reached skill level 3 in Fighting
   884 | D:4      | 884 ||| INVOKING Spit Poison.
   926 | D:4      | Found a shadowy altar of Dithmenos.
   927 | D:4      | Found an ornate altar of the Wu Jian Council.
   930 | D:4      | 930 ||| INVOKING Spit Poison.
   949 | D:4      | 949 ||| INVOKING Spit Poison.
   953 | D:4      | Reached XP level 5. HP: 49/49 MP: 5/5
  1000 | D:4      | Identified the ring "Ybux" {Wiz Str+2}
  1055 | D:4      | 1055 ||| INVOKING Spit Poison.
  1093 | D:4      | 1093 ||| INVOKING Spit Poison.
  1111 | D:4      | 1111 ||| UPGRADING to ring of willpower.
  1112 | D:4      | 1112 ||| READING scroll labelled ZIROFAO FEEST.
  1113 | D:4      | 1113 ||| READING scroll labelled NOMIGISK HEAQA.
  1114 | D:4      | 1114 ||| DRINKING 2 brown potions.
  1118 | D:3      | Noticed a black bear
  1119 | D:3      | 1119 ||| INVOKING Spit Poison.
  1123 | D:3      | 1123 ||| INVOKING Spit Poison.
  1126 | D:3      | Killed a black bear
  1129 | D:3      | 1129 ||| INVOKING Spit Poison.
  1134 | D:3      | HP: 12/49 [hobgoblin (1)]
  1135 | D:3      | 1135 ||| READING 4 scrolls of teleportation.
  1136 | D:3      | 1136 ||| INVOKING Spit Poison.
  1136 | D:3      | HP: 4/49 [hobgoblin (4)]
  1139 | D:3      | Reached XP level 6. HP: 3/56 MP: 6/6
  1388 | D:2      | 1388 ||| INVOKING Spit Poison.
  1390 | D:2      | Reached skill level 6 in Ranged Weapons
  1395 | D:2      | 1395 ||| INVOKING Spit Poison.
  1398 | D:2      | Noticed Terence
  1399 | D:2      | 1399 ||| INVOKING Spit Poison.
  1403 | D:2      | 1403 ||| INVOKING Spit Poison.
  1407 | D:2      | 1407 ||| INVOKING Spit Poison.
  1412 | D:2      | 1412 ||| INVOKING Spit Poison.
  1414 | D:2      | Killed Terence
  1454 | D:2      | 1454 ||| INVOKING Spit Poison.
  1560 | D:2      | 1560 ||| INVOKING Spit Poison.
  1563 | D:2      | 1563 ||| INVOKING Spit Poison.
  1566 | D:2      | 1566 ||| INVOKING Spit Poison.
  1602 | D:2      | 1602 ||| INVOKING Spit Poison.
  1646 | D:2      | 1646 ||| INVOKING Spit Poison.
  1873 | D:2      | 1873 ||| READING scroll labelled RIORRI RARAKHA.
  1874 | D:2      | 1874 ||| READING scroll labelled LARENK OLUMEL.
  2009 | D:3      | 2009 ||| INVOKING Spit Poison.
  2016 | D:3      | 2016 ||| INVOKING Spit Poison.
  2028 | D:3      | 2028 ||| INVOKING Spit Poison.
  2035 | D:3      | 2035 ||| INVOKING Spit Poison.
  2078 | D:3      | 2078 ||| FLEEEEING.
  2085 | D:3      | 2085 ||| STAIRDANCE
  2107 | D:2      | 2107 ||| READING 2 scrolls labelled SUFROD VITWAEKURUE.
  2200 | D:2      | 2200 ||| DRINKING 3 lumpy red potions.
  2201 | D:2      | 2201 ||| DROPPING scroll of torment.
  2202 | D:2      | 2202 ||| DROPPING 2 potions of invisibility.
  2217 | D:3      | 2217 ||| INVOKING Spit Poison.
  2222 | D:3      | 2222 ||| INVOKING Spit Poison.
  2227 | D:3      | 2227 ||| INVOKING Spit Poison.
  2228 | D:3      | 2228 ||| INVOKING Spit Poison.
  2265 | D:3      | 2265 ||| INVOKING Spit Poison.
  2324 | D:3      | 2324 ||| INVOKING Spit Poison.
  2328 | D:3      | 2328 ||| INVOKING Spit Poison.
  2353 | D:3      | 2353 ||| INVOKING Spit Poison.
  2358 | D:3      | 2358 ||| INVOKING Spit Poison.
  2364 | D:3      | 2364 ||| INVOKING Spit Poison.
  2500 | D:3      | 2500 ||| READING scroll labelled ILOCWIFUFAN.
  2519 | D:4      | 2519 ||| INVOKING Spit Poison.
  2523 | D:4      | 2523 ||| INVOKING Spit Poison.
  2657 | D:4      | 2657 ||| INVOKING Spit Poison.
  2731 | D:4      | Reached XP level 7. HP: 57/64 MP: 7/7
  2771 | D:4      | 2771 ||| INVOKING Spit Poison.
  2814 | D:4      | 2814 ||| INVOKING Spit Poison.
  2817 | D:4      | Noticed Pikel
  2818 | D:4      | 2818 ||| INVOKING Spit Poison.
  2824 | D:4      | 2824 ||| INVOKING Spit Poison.
  2830 | D:4      | 2830 ||| INVOKING Spit Poison.
  2832 | D:4      | HP: 12/64 [Pikel/+2 whip of freezing (5)]
  2833 | D:4      | 2833 ||| READING 4 scrolls of teleportation.
  2833 | D:4      | HP: 5/64 [Pikel/+2 whip of freezing (8)]
  2835 | D:4      | 2835 ||| INVOKING Spit Poison.
  2836 | D:4      | Slain by Pikel

Levels and vault maps discovered:
D:1:      saegor_arrival_miasma, layout_basic
D:2:      minmay_alternating_diamond, layout_loops_ring, uniq_terence
D:3:      layout_rooms
D:4:      layout_basic, nicolae_overflow_squiral, uniq_pikel

Skill      XL: |  1  2  3  4  5  6 |
---------------+-------------------+-----
Ranged Weapons | 4 5 6 |  6.5
Fighting       | 3 4 |  4.0
Dodging        | 2 |  2.0
Stealth        | |  1.5

Action                     |  1- 3 |  4- 6 |  7- 9 || total
---------------------------+-------+-------+-------++-------
   Fire: Shortbow          |    36 |   137 |    20 ||   193
Ability: Spit Poison       |    18 |    41 |     6 ||    65
    Use: Scroll            |     4 |     7 |     1 ||    12
         Potion            |       |     2 |       ||     2
 Armour: Leather armour    |       |    18 |     1 ||    19
  Dodge: Dodged            |     2 |    81 |    14 ||    97

Table legend:
 A = Non-vault XP
 B = Vault XP
 C = Vault XP percentage of total XP
 D = Non-vault monster count
 E = Vault monster count
 F = Vault count percentage of total count
                 A         B        C        D         E       F
            +---------+---------+-------+---------+---------+-------
      Total |     618 |      37 |   5.6 |      74 |       4 |   5.1
            +---------+---------+-------+---------+---------+-------
        D:1 |      24 |       0 |   0.0 |      15 |       0 |   0.0
        D:2 |      44 |      37 |  45.7 |      19 |       4 |  17.4
        D:3 |     291 |       0 |   0.0 |      22 |       0 |   0.0
        D:4 |     259 |       0 |   0.0 |      18 |       0 |   0.0
            +---------+---------+-------+---------+---------+-------
